 Dungeon Crawl Stone Soup version 0.26.1-2-gb8aa6d0cf2 (webtiles) character file.

Game seed: 9213758077619016238

10817 windgrace the Grappler (level 11, -21/107 HPs)
             Began as a Troll Warper on Feb 11, 2021.
             Was a High Priest of Sif Muna.
             Demolished by a boulder beetle (58 damage)
             ... on level 11 of the Dungeon.
             The game lasted 01:29:48 (12168 turns).

windgrace the Grappler (Troll Warper)              Turns: 12168, Time: 01:29:48

Health: -21/107    AC: 11    Str: 21    XL:     11   Next: 41%
Magic:  21/23      EV: 13    Int: 12    God:    Sif Muna [*****.]
Gold:   705        SH:  5    Dex: 11    Spells: 0/18 levels left

rFire    + . .     SeeInvis .     - Unarmed
rCold    + . .     Faith    .   (no shield)
rNeg     . . .     Spirit   .   P - +2 steam dragon scales
rPois    .         Reflect  +   (helmet restricted)
rElec    .         Harm     .   M - scarf {rC+ rF+}
rCorr    .         Rampage  .   (gloves unavailable)
Will     +....     Clarity  +   (boots unavailable) Stlth +.........Rnd*Tele +
                                c - amulet of reflection
HPRegen  0.67/turn              k - ring of magical power
MPRegen  0.18/turn              t - ring of willpower

@: no status effects
A: large, unfitting armour, claws 3, agile 1, clarity, low mp 1, regeneration 1,
shaggy fur 1, teleportitis 1, tough skin 3
a: Renounce Religion, Channel Magic, Forget Spell, Divine Exegesis


You were on level 11 of the Dungeon.
You worshipped Sif Muna.
Sif Muna was extremely pleased with you.
You visited 2 branches of the dungeon, and saw 12 of its levels.

You collected 705 gold pieces.

Inventory:

Hand Weapons
 l - a +0 dagger
 u - a +2 glaive of venom
 w - a +0 short sword
Missiles
 d - 5 boomerangs of dispersal
 f - 101 poisoned darts
 i - 4 large rocks
 I - 3 silver javelins
 U - 7 boomerangs
Armour
 a - a +0 robe
 j - a +0 buckler
 x - a +0 tower shield
 J - a +0 cloak
 M - a scarf of resistance (worn)
 P - +2 steam dragon scales (worn)
Magical Staves
 N - an uncursed staff of conjuration
 T - an uncursed staff of poison
Jewellery
 c - an amulet of reflection (around neck)
 k - a ring of magical power (left claw)
 o - an uncursed amulet of regeneration
 t - a ring of willpower (right claw)
 F - an uncursed ring of flight
Wands
 r - a wand of digging (6)
 y - a wand of random effects (39)
 L - a wand of acid (7)
 S - a wand of polymorph (5)
Scrolls
 b - a scroll of brand weapon {unknown}
 e - 2 scrolls of magic mapping {unknown}
 h - 6 scrolls of remove curse
 m - 4 scrolls of enchant weapon {unknown}
 p - 6 scrolls of identify
 s - 4 scrolls of teleportation
 z - a scroll of immolation {unknown}
 A - a scroll of noise {unknown}
 D - 5 scrolls of amnesia {unknown}
 G - 4 scrolls of fear
 K - 4 scrolls of fog {unknown}
Potions
 g - a potion of invisibility {unknown}
 n - 2 potions of might
 q - 2 potions of resistance
 v - 3 potions of brilliance
 B - a potion of curing
 C - a potion of attraction {unknown}
 E - a potion of mutation
 H - a potion of lignification {unknown}
 O - a potion of cancellation {unknown}
 Q - a potion of ambrosia
 V - a potion of degeneration {unknown}
Miscellaneous
 R - a lightning rod (4/4) (quivered)


   Skills:
 + Level 6.8 Fighting
 - Level 0.8 Throwing
 + Level 6.8 Dodging
 + Level 8.4 Unarmed Combat
 + Level 4.2 Spellcasting
 * Level 1.3 Conjurations
 - Level 4.0 Hexes
 - Level 4.0 Summonings
 - Level 4.0 Translocations
 * Level 2.1 Air Magic


You couldn't memorise any spells.
You knew the following spells:

 Your Spells              Type           Power        Failure   Level
a - Blink                 Tloc           N/A          6%          2
b - Gell's Gravitas       Tloc           6%           13%         3
c - Shock                 Conj/Air       24%          11%         1
d - Cause Fear            Hex            6%           38%         4
e - Summon Small Mammal   Summ           48%          4%          1
f - Summon Lightning Spi  Summ/Air       9%           52%         4
g - Mephitic Cloud        Conj/Pois/Air  5%           38%         3

Your spell library contained the following spells:

 Spells                   Type           Power        Failure   Level
 Apportation              Tloc           24%          4%          1
 Corona                   Hex            13%          4%          1
 Confusing Touch          Hex            12%          13%         3
 Lesser Beckoning         Tloc           6%           13%         3
 Teleport Other           Tloc           12%          13%         3
 Animate Skeleton         Necr           4%           22%         1
 Sting                    Tmut/Pois      8%           22%         1
 Poisonous Vapours        Pois/Air       10%          22%         2
 Passage of Golubria      Tloc           N/A          38%         4
 Conjure Flame            Conj/Fire      4%           45%         3
 Yara's Violent Unravell  Hex/Tmut       3%           95%         5
 Alistair's Intoxication  Tmut/Pois      1%           99%         5
 Freezing Cloud           Conj/Ice/Air   2%           100%        6
 Dragon Form              Tmut           1%           100%        7


Dungeon Overview and Level Annotations

Branches:
Dungeon (11/15)            Temple (1/1) D:4            Lair (0/6) D:11
    Orc: D:9-12

Altars:
Ashenzari
Cheibriados
Dithmenos
Elyvilon
Gozag
Kikubaaqudgha
Makhleb
Nemelex Xobeh
Qazlal
Ru
Sif Muna
Uskayaw
Wu Jian
Yredelemnul
Zin
Jiyva


Innate Abilities, Weirdness & Mutations

You are too large for most types of armour.
You have claws for hands.
Your natural rate of healing is unusually fast.
You are covered in fur. (AC +1)
You have extremely tough skin. (AC +3)
You are agile. (Dex +2)
You possess an exceptional clarity of mind.
Your magical capacity is low. (-10% MP)
You are occasionally teleported next to monsters.


Message History

The necrophage is moderately damaged.
The necrophage completely misses you.
You claw the necrophage!
The necrophage is severely damaged.
The necrophage hits you but does no damage.
You closely miss the necrophage.
The necrophage is severely damaged.
The necrophage hits you.
You feel drained.
You scratch the necrophage.
The necrophage is almost destroyed.
The necrophage misses you.
You claw the necrophage!
You destroy the necrophage!
Sif Muna accepts your kill.
The boulder beetle seems less confused.
The boulder beetle curls into a ball and begins rolling!
Your life force feels restored.
The boulder beetle hits you!!!
Ouch! That really hurt!
You die...

#)........#
#######.........#
##...............#####
##........###.###..>..#
#..........##.# #####..
#.....^....##.# ##.
#..........##.# ##
#..........##.##
#.<...@....##..##
##...B....####..#
#..........# ##.#
#<.........# #.##
#..........####..####
#............).....†###
#.............##.##...#
##........###.##.####..
##.....>.###..#.######


You could see a boulder beetle.

Vanquished Creatures
  Erica (D:9)
  Harold (D:7)
  2 nameless horrors (D:9)
  The ghost of theEndsummarily the Covert, a novice OpTm of Gozag (D:9)
  Pikel (D:7)
  Maurice (D:8)
  Maggie (D:8)
  A troll (D:10)
  3 slime creatures (D:9)
  Prince Ribbit (D:8)
  9 yaks
  A wyvern (D:11)
  Edmund (D:5)
  4 water moccasins (D:11)
  4 sky beasts
  6 orc warriors
  An ice beast (D:6)
  A black bear (D:3)
  A necrophage (D:11)
  5 ogres
  2 centaurs
  A lemure (D:7)
  2 bullfrogs
  3 scorpions
  12 wights
  6 killer bees (D:9)
  A howler monkey (D:6)
  2 bullfrog zombies
  A centaur zombie (D:6)
  A quasit (D:7)
  10 orc priests
  4 hounds
  A centaur skeleton (D:7)
  12 jellies
  6 bullfrog skeletons
  Natasha (thrice) (D:3)
  Ijyb (D:3)
  12 orc wizards
  14 worker ants
  4 hell rats (D:7)
  A hound skeleton (D:7)
  Robin (D:2)
  9 adders
  7 river rats (D:7)
  2 shadow imps
  3 white imps
  An adder zombie (D:5)
  An adder skeleton (D:7)
  A worm (D:3)
  A dart slug (D:2)
  4 leopard geckos
  41 orcs
  7 giant cockroaches
  18 goblins
  12 hobgoblins
  16 jackals
  10 quokkas
  A ball python (D:4)
  6 bats
  4 frilled lizards
  12 kobolds
  A leopard gecko skeleton (D:4)
  A leopard gecko zombie (D:5)
  A quokka zombie (D:8)
  27 rats
332 creatures vanquished.

Vanquished Creatures (collateral kills)
  A leopard gecko (D:6)
1 creature vanquished.

Vanquished Creatures (others)
  3 fungi (D:11)
  16 plants (D:11)
19 creatures vanquished.

Grand Total: 352 creatures vanquished

Notes
Turn   | Place    | Note
-------+----------+-------------------------------------------
     0 | D:1      | windgrace the Troll Warper began the quest for the Orb.
     0 | D:1      | Reached XP level 1. HP: 19/19 MP: 1/1
   118 | D:1      | Reached XP level 2. HP: 28/28 MP: 3/3
   121 | D:1      | Learned a level 2 spell: Blink
   653 | D:2      | Reached XP level 3. HP: 32/35 MP: 4/4
   657 | D:2      | Learned a level 3 spell: Gell's Gravitas
   664 | D:2      | Noticed Robin
   676 | D:2      | Killed Robin
   687 | D:2      | Reached skill level 3 in Unarmed Combat
   929 | D:2      | Reached XP level 4. HP: 42/42 MP: 5/5
  1378 | D:2      | Found a sparkling altar of Nemelex Xobeh.
  1543 | D:3      | Noticed Natasha
  1549 | D:3      | Killed Natasha
  1564 | D:3      | Noticed Natasha
  1576 | D:3      | Killed Natasha
  1577 | D:3      | Reached XP level 5. HP: 50/50 MP: 1/6
  1674 | D:3      | Noticed a black bear
  1681 | D:3      | Killed a black bear
  1754 | D:3      | Noticed Ijyb
  1772 | D:3      | Killed Ijyb
  1773 | D:3      | Reached XP level 6. HP: 59/59 MP: 8/8
  1834 | D:3      | Noticed Natasha
  1849 | D:3      | Killed Natasha
  1985 | D:3      | Found a hide-covered altar of Uskayaw.
  2924 | D:4      | Reached skill level 4 in Unarmed Combat
  3209 | D:4      | Found a staircase to the Ecumenical Temple.
  3218 | Temple   | Entered the Ecumenical Temple
  3250 | Temple   | Became a worshipper of Sif Muna the Loreminder
  3380 | D:4      | Reached XP level 7. HP: 48/67 MP: 9/9
  3495 | D:4      | Found a stormy altar of Qazlal.
  3700 | D:5      | Entered Level 5 of the Dungeon
  3870 | D:5      | Identified the Catalogue of Enchantment and Feathers
  3874 | D:5      | Learned a level 1 spell: Shock
  4135 | D:5      | Noticed Edmund
  4154 | D:5      | Killed Edmund
  4776 | D:6      | Reached XP level 8. HP: 74/78 MP: 11/11
  4815 | D:6      | Reached * piety under Sif Muna
  4930 | D:6      | Reached skill level 5 in Unarmed Combat
  4939 | D:6      | Learned a level 4 spell: Cause Fear
  5158 | D:6      | Reached skill level 1 in Hexes
  5303 | D:6      | Found a sparkling altar of Nemelex Xobeh.
  5508 | D:6      | Learned a level 1 spell: Summon Small Mammal
  5991 | D:6      | Reached skill level 1 in Summonings
  6146 | D:6      | Reached XP level 9. HP: 79/85 MP: 12/12
  6229 | D:6      | Found a shadowy altar of Dithmenos.
  6706 | D:7      | Noticed Harold
  6777 | D:7      | Noticed Pikel
  6799 | D:7      | Reached ** piety under Sif Muna
  6840 | D:7      | Killed Harold
  6841 | D:7      | Reached skill level 5 in Fighting
  6841 | D:7      | Reached skill level 6 in Unarmed Combat
  6874 | D:7      | Reached skill level 5 in Dodging
  6884 | D:7      | Killed Pikel
  7194 | D:7      | Found an ornate altar of the Wu Jian Council.
  7703 | D:7      | Reached XP level 10. HP: 96/96 MP: 13/13
  7719 | D:7      | Reached *** piety under Sif Muna
  8063 | D:8      | Noticed Prince Ribbit
  8160 | D:8      | You fall into a shaft and drop 1 floor!
  8160 | D:9      | Noticed a six-headed hydra
  8459 | D:8      | Killed Prince Ribbit
  8651 | D:8      | Noticed Maggie
  8675 | D:8      | Killed Maggie
  8676 | D:8      | Reached skill level 7 in Unarmed Combat
  8718 | D:8      | Noticed Maurice
  8744 | D:8      | Killed Maurice
  9420 | D:8      | Gained mutation: Your magical capacity is low. (-10% MP)
                  | [potion of mutation]
  9420 | D:8      | Gained mutation: You are agile. (Dex +2) [potion of
                  | mutation]
  9420 | D:8      | Gained mutation: You are occasionally teleported next to
                  | monsters. [potion of mutation]
  9420 | D:8      | Gained mutation: You possess an exceptional clarity of
                  | mind. [potion of mutation]
  9473 | D:9      | Found a runed translucent gate.
  9473 | D:9      | Found a runed translucent gate.
  9473 | D:9      | Found a runed translucent gate.
  9494 | D:9      | Noticed theEndsummarily's ghost (novice OpTm)
  9496 | D:9      | Found a viscous altar of Jiyva.
  9511 | D:9      | Noticed Erica
  9517 | D:9      | Reached **** piety under Sif Muna
  9525 | D:9      | Learned a level 4 spell: Summon Lightning Spire
 10129 | D:9      | Found a burning altar of Makhleb.
 10221 | D:9      | Noticed a nameless horror
 10237 | D:9      | Killed a nameless horror
 10363 | D:9      | Noticed a nameless horror
 10375 | D:9      | Killed a nameless horror
 10396 | D:9      | Killed theEndsummarily's ghost
 10397 | D:9      | Reached skill level 8 in Unarmed Combat
 10397 | D:9      | Reached XP level 11. HP: 90/107 MP: 7/14
 10801 | D:9      | Killed Erica
 10802 | D:9      | Reached skill level 1 in Air Magic
 10927 | D:10     | Entered Level 10 of the Dungeon
 11093 | D:10     | Learned a level 3 spell: Mephitic Cloud
 11737 | D:11     | Found a staircase to the Lair.
 11785 | D:11     | Noticed a boulder beetle
 11845 | D:11     | Reached ***** piety under Sif Muna
 11860 | D:11     | Identified Sif Muna's Reference Book on Changing and Venom
                  | (Sif Muna gifted it to you on level 11 of the Dungeon)
 11860 | D:11     | Received a gift from Sif Muna
 11893 | D:11     | Reached skill level 1 in Conjurations
 12168 | D:11     | Demolished by a boulder beetle

Illustrated notes

Levels and vault maps discovered:
D:1:      dpeg_arrival_stone_temple_mockup, layout_rooms
D:2:      layout_loops_corners, nemelex_spade_bored_becter, uniq_robin
D:3:      layout_basic, eat_drink_and_be_merry_uskayaw, glass_columns_c,
          lemuel_old_faithful, uniq_ijyb, uniq_natasha
D:4:      layout_loops_ring, lemuel_coloured_pillars_altar, temple_hall,
          chequers_jeans
D:5:      layout_gridville, uniq_edmund
D:6:      layout_basic, lemuel_round_altar, nemelex_xobeh_ov_fountains_minmay
D:7:      lemuel_ratsnest, layout_basic, lemuel_round_altar, minivault_23,
          kennysheep_decorative_pillar, uniq_harold, uniq_pikel
D:8:      layout_loops_cross, uniq_maggie, uniq_maurice, uniq_prince_ribbit1
D:9:      layout_roguey, lemuel_round_altar, gammafunk_ghost_ooze, uniq_erica
D:10:     layout_stronghold
D:11:     layout_rooms, minmay_lair_entry_grove
Temple:   regret_index_temple_sphere_string

Skill      XL: |  1  2  3  4  5  6  7  8  9 10 11 |
---------------+----------------------------------+-----
Fighting       | 2 3 4 5 6 |  6.8
Unarmed Combat | 3 4 5 6 8 |  8.4
Dodging        | 2 3 4 5 6 |  6.8
Spellcasting   | 2 3 4 |  4.2
Translocations | 3 4 |  4.0
Hexes          | 2 4 |  4.0
Summonings     | 1 2 4 |  4.0
Air Magic      | 2 |  2.1
Conjurations   | 1 |  1.3
Throwing       | |  0.8

Action                   |  1- 3 |  4- 6 |  7- 9 | 10-12 || total
-------------------------+-------+-------+-------+-------++-------
Melee: Unarmed           |   128 |   190 |   290 |   466 ||  1074
       Punch             |       |     2 |    10 |    19 ||    31
       Staff             |       |       |       |     2 ||     2
 Cast: Gell's Gravitas   |       |    18 |     9 |    25 ||    52
       Shock             |       |       |   140 |    48 ||   188
       Summon Small Mamm |       |       |    56 |    23 ||    79
       Blink             |       |       |       |    17 ||    17
       Summon Lightning  |       |       |       |     4 ||     4
       Mephitic Cloud    |       |       |       |     4 ||     4
       Cause Fear        |       |       |       |     1 ||     1
  Use: Scroll            |       |     3 |     1 |    11 ||    15
       Potion            |       |       |     4 |    12 ||    16
Armor: Robe              |    45 |    85 |   107 |    16 ||   253
       Steam dragon scal |       |       |       |   183 ||   183
Dodge: Dodged            |    52 |   121 |   193 |   319 ||   685
Block: Other             |       |       |       |    23 ||    23
